BLB
SANTO DOMINGO RUM RUNNERS @ MAINE GUIDES
03/17/2060
 
TOP OF THE 1ST
Santo Domingo Rum Runners batting - Pitching for Maine Guides : RHP Dave Hunt
Pitching: RHP Dave Hunt
Batting: RHB Devain Ecevit 0-0: Ball
1-0: Ground out U3 (Groundball, 34, EV 106.9 MPH)
Batting: LHB Tom Ho 0-0: Ground out 3-1 (Groundball, 34, EV 103.8 MPH)
Batting: LHB Damon Casebier 0-0: Ball
1-0: Called Strike
1-1: Ball
2-1: Foul Ball, location: 2F
2-2: Strikes out swinging
Top of the 1st over - 0 runs, 0 hits, 0 errors, 0 left on base; Santo Domingo 0 - Maine 0
BOTTOM OF THE 1ST
Maine Guides batting - Pitching for Santo Domingo Rum Runners : RHP Moochie Cahn
Pitching: RHP Moochie Cahn
Batting: RHB Walt Dutro 0-0: Ground out 6-3 (Groundball, 6, EV 86.2 MPH)
Batting: RHB Brad Pendolino 0-0: Called Strike
0-1: Called Strike
0-2: Strikes out swinging
Batting: RHB Jarrett Shaneyfelt 0-0: Ball
1-0: Ball
2-0: Ball
3-0: Called Strike
3-1: SOLO HOME RUN (Flyball, 7D, EV 98.1 MPH), Distance : 381 ft
Batting: RHB Nathan Bennett 0-0: Called Strike
0-1: Ball
1-1: Foul Ball, location: 2F
1-2: Strikes out swinging
Bottom of the 1st over - 1 run, 1 hit, 0 errors, 0 left on base; Santo Domingo 0 - Maine 1
TOP OF THE 2ND
Santo Domingo Rum Runners batting - Pitching for Maine Guides : RHP Dave Hunt
Batting: LHB Ronald Anderson 0-0: Called Strike
0-1: Foul Ball, location: 2F
0-2: Strikes out swinging
Batting: LHB Larry Collier 0-0: Called Strike
0-1: Ball
1-1: SINGLE (Line Drive, 9LM, EV 96.9 MPH)
Batting: LHB Lester Bridges 0-0: Called Strike
0-1: Ball
1-1: Called Strike
1-2: Strikes out swinging
Batting: RHB Devin Geertz 0-0: Called Strike
0-1: SINGLE (Groundball, 6MD, EV 103.1 MPH)
Larry Collier to second
Batting: SHB Ke'Ron Nicolescu 0-0: Called Strike
0-1: Foul Ball, location: 2F
0-2: Ball
1-2: Fly out, F9 (Flyball, 9, EV 86.2 MPH)
Top of the 2nd over - 0 runs, 2 hits, 0 errors, 2 left on base; Santo Domingo 0 - Maine 1
BOTTOM OF THE 2ND
Maine Guides batting - Pitching for Santo Domingo Rum Runners : RHP Moochie Cahn
Batting: RHB Byron Bentley 0-0: Ball
1-0: Called Strike
1-1: Swinging Strike
1-2: Strikes out swinging
Batting: RHB Derek Rosado 0-0: Called Strike
0-1: Fly out, F6 (Popup, P, EV 84.4 MPH)
Batting: RHB Martin Moorman 0-0: Called Strike
0-1: Ball
1-1: Called Strike
1-2: Strikes out swinging
Bottom of the 2nd over - 0 runs, 0 hits, 0 errors, 0 left on base; Santo Domingo 0 - Maine 1
TOP OF THE 3RD
Santo Domingo Rum Runners batting - Pitching for Maine Guides : RHP Dave Hunt
Batting: RHB Andy Wood 0-0: Swinging Strike
0-1: Swinging Strike
0-2: Ball
1-2: Strikes out swinging
Batting: RHB Devain Ecevit 0-0: Foul Ball, location: 2F
0-1: Called Strike
0-2: Strikes out looking
Batting: LHB Tom Ho 0-0: Ball
1-0: Ground out 4-3 (Groundball, 34, EV 83.1 MPH)
Top of the 3rd over - 0 runs, 0 hits, 0 errors, 0 left on base; Santo Domingo 0 - Maine 1
BOTTOM OF THE 3RD
Maine Guides batting - Pitching for Santo Domingo Rum Runners : RHP Moochie Cahn
Batting: RHB Jarrett Vazquez 0-0: Foul Ball, location: 2F
0-1: Called Strike
0-2: Ball
1-2: Foul Ball, location: 2F
1-2: Strikes out looking
Batting: RHB Jaret Foley 0-0: Ground out 6-3 (Groundball, 6, EV 83.1 MPH)
Batting: RHB Walt Dutro 0-0: Called Strike
0-1: Called Strike
0-2: Ball
1-2: Foul Ball, location: 2F
1-2: Strikes out swinging
Bottom of the 3rd over - 0 runs, 0 hits, 0 errors, 0 left on base; Santo Domingo 0 - Maine 1
TOP OF THE 4TH
Santo Domingo Rum Runners batting - Pitching for Maine Guides : RHP Dave Hunt
Batting: LHB Damon Casebier 0-0: Ball
1-0: Fly out, F7 (Flyball, 78D, EV 101.9 MPH)
Batting: LHB Ronald Anderson 0-0: Ball
1-0: Ball
2-0: Ball
3-0: Base on Balls
Batting: LHB Larry Collier 0-0: 2-RUN HOME RUN (Line Drive, 9D, EV 96.2 MPH), Distance : 389 ft
Batting: LHB Lester Bridges 0-0: Called Strike
0-1: Called Strike
0-2: Ball
1-2: Strikes out swinging, 2-3 out at first.
Batting: RHB Devin Geertz 0-0: Called Strike
0-1: Ball
1-1: Fly out, F7 (Flyball, 78D, EV 105.0 MPH)
Top of the 4th over - 2 runs, 1 hit, 0 errors, 0 left on base; Santo Domingo 2 - Maine 1
BOTTOM OF THE 4TH
Maine Guides batting - Pitching for Santo Domingo Rum Runners : RHP Moochie Cahn
Batting: RHB Brad Pendolino 0-0: Ground out 4-3 (Groundball, 4, EV 86.9 MPH)
Batting: RHB Jarrett Shaneyfelt 0-0: Foul Ball, location: 2F
0-1: Ball
1-1: Foul Ball, location: 2F
1-2: Strikes out looking
Batting: RHB Nathan Bennett 0-0: SINGLE (Groundball, 4MD, EV 98.1 MPH)
Batting: RHB Byron Bentley 0-0: Called Strike
0-1: Foul Ball, location: 2F
0-2: Foul Ball, location: 2F
0-2: Ball
1-2: Ball
2-2: Strikes out looking
Bottom of the 4th over - 0 runs, 1 hit, 0 errors, 1 left on base; Santo Domingo 2 - Maine 1
TOP OF THE 5TH
Santo Domingo Rum Runners batting - Pitching for Maine Guides : RHP Dave Hunt
Now at SS: Justen Brown
Batting: SHB Ke'Ron Nicolescu 0-0: Swinging Strike
0-1: Ball
1-1: Foul Ball, location: 2F
1-2: Foul Ball, location: 2F
1-2: Strikes out looking
Batting: RHB Andy Wood 0-0: Called Strike
0-1: Foul Ball, location: 2F
0-2: Fly out, F8 (Flyball, 8LD, EV 98.1 MPH)
Batting: RHB Devain Ecevit 0-0: Ball
1-0: DOUBLE (Line Drive, 78D, EV 106.2 MPH)
Pitching: LHP Oscar Thompson
Pinch Hitting: RHB Braedon Pashikian 0-0: Called Strike
0-1: Ball
1-1: Called Strike
1-2: Fly out, F4 (Popup, 3S, EV 87.5 MPH)
Top of the 5th over - 0 runs, 1 hit, 0 errors, 1 left on base; Santo Domingo 2 - Maine 1
BOTTOM OF THE 5TH
Maine Guides batting - Pitching for Santo Domingo Rum Runners : RHP Moochie Cahn
Pitching: RHP Drew Haffner
Now at C: Davey Confalonieri
Now at 1B: Kolby Carter
Now at 2B: Eli Hughes
Now at 3B: Lucas Sampley
Now at SS: Jon Dutton
Now in RF: James Scarbrough
Batting: RHB Derek Rosado 0-0: Called Strike
0-1: Ball
1-1: Foul Ball, location: 2F
1-2: Strikes out swinging
Batting: RHB Martin Moorman 0-0: Ball
1-0: Ball
2-0: Foul Ball, location: 2F
2-1: Ball
3-1: Base on Balls
Batting: RHB Jarrett Vazquez 0-0: Ball
Martin Moorman steals 2nd base
1-0: Called Strike
1-1: Fly out, F9 (Flyball, 9D, EV 100.6 MPH)
Runner from 2nd tags up, SAFE at 3rd, no throw by RF
Batting: RHB Jaret Foley 0-0: Ball
1-0: Ball
2-0: Called Strike
2-1: Foul Ball, location: 2F
2-2: Ball
3-2: Strikes out swinging
Bottom of the 5th over - 0 runs, 0 hits, 0 errors, 1 left on base; Santo Domingo 2 - Maine 1
TOP OF THE 6TH
Santo Domingo Rum Runners batting - Pitching for Maine Guides : LHP Oscar Thompson
Pitching: RHP Ellery Skaleski
Now at C: Benjamin Keating
Now at 3B: Chase Hagarty
Now in LF: Damian Counts
Pinch Hitting: RHB Dylan Macias 0-0: Fly out, F4 (Line Drive, 4, EV 67.5 MPH)
Batting: LHB Kolby Carter 0-0: Ground out 4-3 (Groundball, 4, EV 85.6 MPH)
Batting: LHB Moses Thomas 0-0: Ball
1-0: Foul Ball, location: 2F
1-1: Called Strike
1-2: Ball
2-2: Foul Ball, location: 2F
2-2: Ball
3-2: Foul Ball, location: 2F
3-2: Strikes out looking
Top of the 6th over - 0 runs, 0 hits, 0 errors, 0 left on base; Santo Domingo 2 - Maine 1
BOTTOM OF THE 6TH
Maine Guides batting - Pitching for Santo Domingo Rum Runners : RHP Drew Haffner
Pitching: LHP J.R. Mauger
Now in LF: James Scarbrough
Now in RF: Dylan Macias
Pinch Hitting: SHB Desmond Moynihan 0-0: Ball
1-0: Called Strike
1-1: Swinging Strike
1-2: Strikes out swinging
Pinch Hitting: RHB Sean Brown 0-0: Ball
1-0: Called Strike
1-1: Swinging Strike
1-2: Ball
2-2: Foul Ball, location: 2F
2-2: Ball
3-2: Strikes out swinging
Batting: RHB Justen Brown 0-0: Ball
1-0: Ball
2-0: Foul Ball, location: 2F
2-1: Swinging Strike
2-2: Strikes out swinging
Bottom of the 6th over - 0 runs, 0 hits, 0 errors, 0 left on base; Santo Domingo 2 - Maine 1
TOP OF THE 7TH
Santo Domingo Rum Runners batting - Pitching for Maine Guides : RHP Ellery Skaleski
Now at 1B: Sean Brown
Now at 2B: Desmond Moynihan
Batting: RHB Lucas Sampley 0-0: DOUBLE (Flyball, 8LXD, EV 109.4 MPH) - OUT at third base trying to stretch hit.
Batting: RHB James Scarbrough 0-0: Hit by Pitch
Batting: RHB Davey Confalonieri 0-0: Ball
1-0: Fly out, F8 (Flyball, 8RM, EV 83.1 MPH)
Batting: SHB Eli Hughes 0-0: Ball
1-0: Ball
2-0: Called Strike
2-1: SINGLE (Line Drive, 7S, EV 100.0 MPH)
James Scarbrough to second
Batting: RHB Devain Ecevit 0-0: Ball
1-0: Hit by Pitch
James Scarbrough to third
Eli Hughes to second
Batting: LHB Jon Dutton 0-0: Foul Ball, location: 2F
0-1: Swinging Strike
0-2: Ball
1-2: Ground out 1-3 (Groundball, 15S, EV 68.8 MPH)
Top of the 7th over - 0 runs, 2 hits, 0 errors, 3 left on base; Santo Domingo 2 - Maine 1
BOTTOM OF THE 7TH
Maine Guides batting - Pitching for Santo Domingo Rum Runners : LHP J.R. Mauger
Pitching: RHP Laird Wang
Batting: RHB Chase Hagarty 0-0: Ball
1-0: SINGLE (Groundball, 56D, EV 97.5 MPH)
Batting: LHB Damian Counts 0-0: Ball
1-0: Ball
2-0: Ball
3-0: Called Strike
3-1: SINGLE (Groundball, 56D, EV 106.9 MPH) (infield hit)
Chase Hagarty to second
Batting: RHB Benjamin Keating 0-0: Foul Ball, location: 2F
0-1: Ball
1-1: Swinging Strike
1-2: Ball
2-2: Grounds into double play, 6-4-3 (Groundball, 6, EV 101.9 MPH)
Chase Hagarty to third
Pinch Hitting: SHB Semaj Ramirez 0-0: Ball
1-0: Swinging Strike
1-1: Ball
2-1: Swinging Strike
2-2: Ball
3-2: Strikes out swinging
Bottom of the 7th over - 0 runs, 2 hits, 0 errors, 1 left on base; Santo Domingo 2 - Maine 1
TOP OF THE 8TH
Santo Domingo Rum Runners batting - Pitching for Maine Guides : RHP Ellery Skaleski
Pitching: RHP Parker Terry
Now in RF: Semaj Ramirez
Batting: RHB Dylan Macias 0-0: Called Strike
0-1: Foul Ball, location: 2F
0-2: SINGLE (Groundball, 6MD, EV 100.0 MPH)
Batting: LHB Kolby Carter 0-0: Fly out, F9 (Flyball, 9LM, EV 96.9 MPH)
Batting: LHB Moses Thomas 0-0: Fly out, F7 (Flyball, 7S, EV 93.8 MPH)
Batting: RHB Lucas Sampley 0-0: Ball
Dylan Macias steals 2nd, throwing error, E2
Dylan Macias to third
1-0: Called Strike
1-1: Ball
2-1: Ball
3-1: DOUBLE (Groundball, 3L, EV 100.0 MPH)
Dylan Macias scores
Batting: RHB James Scarbrough 0-0: Foul Ball, location: 2F
0-1: Foul Ball, location: 2F
0-2: Ball
1-2: Foul Ball, location: 2F
1-2: Strikes out swinging
Top of the 8th over - 1 run, 2 hits, 1 error, 1 left on base; Santo Domingo 3 - Maine 1
BOTTOM OF THE 8TH
Maine Guides batting - Pitching for Santo Domingo Rum Runners : RHP Laird Wang
Batting: RHB Jarrett Vazquez 0-0: Ball
1-0: Ball
2-0: Ball
3-0: Called Strike
3-1: Foul Ball, location: 2F
3-2: Strikes out swinging
Batting: RHB Jaret Foley 0-0: Ball
1-0: Ball
2-0: Ground out 5-3 (Groundball, 56, EV 107.5 MPH)
Batting: SHB Desmond Moynihan 0-0: Called Strike
0-1: DOUBLE (Flyball, 89D, EV 89.4 MPH)
Batting: RHB Sean Brown 0-0: Swinging Strike
0-1: Foul Ball, location: 2F
0-2: Fly out, F8 (Flyball, 89D, EV 77.5 MPH)
Bottom of the 8th over - 0 runs, 1 hit, 0 errors, 1 left on base; Santo Domingo 3 - Maine 1
TOP OF THE 9TH
Santo Domingo Rum Runners batting - Pitching for Maine Guides : RHP Parker Terry
Pitching: RHP Joe Ferebee
Batting: RHB Davey Confalonieri 0-0: Ball
1-0: Ball
2-0: Ball
3-0: Called Strike
3-1: Foul Ball, location: 2F
3-2: SINGLE (Groundball, 34S, EV 66.2 MPH) (infield hit)
Batting: SHB Eli Hughes 0-0: Sac Bunt to 23 - play at first, batter OUT! 3-4
Davey Confalonieri to second
Batting: RHB Devain Ecevit 0-0: Ball
1-0: Fly out, F6 (Line Drive, 6M, EV 69.4 MPH)
Batting: LHB Jon Dutton 0-0: Called Strike
0-1: Foul Ball, location: 2F
0-2: Ball
1-2: Strikes out swinging
Top of the 9th over - 0 runs, 1 hit, 0 errors, 1 left on base; Santo Domingo 3 - Maine 1
BOTTOM OF THE 9TH
Maine Guides batting - Pitching for Santo Domingo Rum Runners : RHP Laird Wang
Pitching: LHP Harry Mueller
Batting: RHB Justen Brown 0-0: Ball
1-0: Foul Ball, location: 2F
1-1: SINGLE (Flyball, 56D, EV 92.5 MPH)
Batting: RHB Chase Hagarty 0-0: Called Strike
0-1: Ball
1-1: Ball
2-1: Ball
3-1: SINGLE (Groundball, 6S, EV 71.9 MPH) (infield hit)
Justen Brown to second
Batting: LHB Damian Counts 0-0: Called Strike
0-1: Ball
1-1: Ball
2-1: Fielders Choice at 2nd, 1-6 (Groundball, 13S, EV 71.9 MPH)
Justen Brown to third
Batting: RHB Benjamin Keating 0-0: Ball
1-0: Ball
2-0: Foul Ball, location: 2F
2-1: Fly out, F8 (Flyball, 89M, EV 91.9 MPH)
Batting: SHB Semaj Ramirez 0-0: Called Strike
0-1: Ball
1-1: Foul Ball, location: 2F
1-2: Foul Ball, location: 2F
1-2: Ground out 4-3 (Groundball, 4, EV 79.4 MPH)
Bottom of the 9th over - 0 runs, 2 hits, 0 errors, 2 left on base; Santo Domingo 3 - Maine 1
Wednesday, April 17th , 2024 - OOTP Baseball 23.10 Build 110